 Dungeon Crawl Stone Soup version 0.29.1-15-g9cfb28693d (webtiles) character file.

Game seed: 13942500477154752545

4 H0rd4k the Charlatan (level 1, -1/15 HPs)
             Began as a Human Artificer on Apr 17, 2023.
             Slain by a gnoll
             ... wielding a +0 spear
              (3 damage)
             ... on level 1 of the Dungeon.
             The game lasted 00:00:28 (580 turns).

H0rd4k the Charlatan (Human Artificer)               Turns: 580, Time: 00:00:29

Health: -1/15      AC:  3    Str: 12    XL:     1   Next: 77%
Magic:  1/1        EV: 11    Int: 11    God:
Gold:   57         SH:  0    Dex: 13    Spells: 0/0 levels left

rFire   . . .      SeeInvis .   a - +0 club
rCold   . . .      Faith    .   (no shield)
rNeg    . . .      Spirit   .   b - +0 leather armour
rPois   .          Reflect  .   (no helmet)
rElec   .          Harm     .   (no cloak)
rCorr   .          Rampage  .   (no gloves)
Will    .....                   (no boots)
Stlth   +.........              (no amulet)
HPRegen 0.05/turn               (no ring)
MPRegen 0.07/turn               (no ring)

@: no status effects
A: no striking features
a: no special abilities


You were on level 1 of the Dungeon.
You visited 1 branch of the dungeon, and saw 1 of its levels.

You collected 57 gold pieces.

Inventory:

Hand Weapons
 a - a +0 club (weapon)
Armour
 b - a +0 leather armour (worn)
Wands
 c - a wand of flame (13) (quivered)
 d - a wand of charming (13)
 e - a wand of iceblast (5)
Scrolls
 f - a scroll of noise {unknown}
 g - a scroll of poison {unknown}
 i - a scroll of brand weapon {unknown}
Potions
 h - a potion of attraction {unknown}


   Skills:
 + Level 1.0 Fighting
 + Level 0.2 Maces & Flails
 - Level 2.0 Armour
 + Level 1.0 Dodging
 + Level 1.0 Stealth
 + Level 3.3 Evocations


You couldn't memorise any spells.
You didn't know any spells.
Your spell library contained the following spells:

 Spells                   Type           Power      Damage    Failure   Level
 Hailstorm                Conj/Ice       0%         3d3       99%         4
 Ice Form                 Ice/Tmut       0%         N/A       99%         4
 Simulacrum               Ice/Necr       0%         N/A       100%        6


Dungeon Overview and Level Annotations

Branches:
Dungeon (1/15)

Altars:


Message History

Your ball python barely misses the giant cockroach.
Your ball python grabs the giant cockroach.
Your ball python constricts the giant cockroach.
The giant cockroach bites your ball python.
Your ball python dies!
Aiming: Charm
Press: ? - help, Shift-Dir - straight line, f - giant cockroach
Aim: a giant cockroach (lightly wounded, chance to affect: 73%)
The giant cockroach is charmed.
Unknown command.
What are your orders? t - Shout!
Orders for allies: a - Attack new target. p - Attack previous target. r - Retreat! s - Stop attacking. g - Guard the area. f - Follow me.
Anything else - Cancel.
Guard this area!
The gnoll hits your giant cockroach with a +0 spear.
Your giant cockroach barely misses the gnoll.
The gnoll barely misses your giant cockroach.
Your giant cockroach closely misses the gnoll.
The gnoll barely misses your giant cockroach.
Your giant cockroach bites the gnoll.
The gnoll hits your giant cockroach with a +0 spear.
Your giant cockroach dies!
You are too injured to fight recklessly!
You are too injured to fight recklessly!
Aiming: Throw Flame
Press: ? - help, Q - select action, (/) - cycle Shift-Dir - straight line, f - gnoll
Aim: a gnoll, wielding a +0 spear (75% to hit)
The puff of flame hits the gnoll.
The gnoll is moderately wounded.
The gnoll hits you from afar with a +0 spear.
* * * LOW HITPOINT WARNING * * *
Aiming: Throw Flame
Press: ? - help, Q - select action, (/) - cycle Shift-Dir - straight line, f/p - gnoll
Aim: a gnoll, wielding a +0 spear (moderately wounded, 75% to hit)
The puff of flame misses the gnoll.
The gnoll hits you from afar with a +0 spear.
You die...

### #.# #.#
#.#############
#.............#
#.###########@#
#.#### #.# #....#
#g# ####.# #†# #.#
#'#
#.#(.............#
#.#..........###.#
#.#............
#.######........


You could see a gnoll.

Vanquished Creatures
  A quokka (D:1)
  2 bats (D:1)
  2 frilled lizards (D:1)
  A kobold (D:1)
6 creatures vanquished.

Vanquished Creatures (others)
  A giant cockroach (D:1)
  A ball python (D:1)
2 creatures vanquished.

Grand Total: 8 creatures vanquished

Notes
Turn   | Place    | Note
-------+----------+-------------------------------------------
     0 | D:1      | H0rd4k the Human Artificer began the quest for the Orb.
     0 | D:1      | Reached XP level 1. HP: 15/15 MP: 1/1
   386 | D:1      | Found a faded altar of an unknown god.
   580 | D:1      | Slain by a gnoll

Illustrated notes

Levels and vault maps discovered:
D:1:      sevenhm_arrival_forest_fort_small_4, layout_basic,
          basic_ecumenical_altar, roderic_filled_cross,
          kennysheep_decorative_pillar, corexii_corridor_pit

Action                   || total
-------------------------++-------
Melee: Club              ||    26
Evoke: Wand              ||     4
Armor: Leather armour    ||    10
Dodge: Dodged            ||    24
